 Dungeon Crawl Stone Soup version 0.32-a0-131-g9dbbe29261 (webtiles) character file.

Game seed: 2039891737172750877

1563287 ragingrage the Lord of Darkness (level 27, 222/222 HPs)
             Began as a Barachi Necromancer on Feb 8, 2024.
             Was the Champion of Kikubaaqudgha.
             Escaped with the Orb
             ... and 3 runes!
             The game lasted 02:44:07 (79863 turns).

ragingrage the Lord of Darkness (BaNe)             Turns: 79863, Time: 02:44:07

Health: 222/222    AC: 38    Str:  9    XL:     27
Magic:  41/41      EV: 22    Int: 36    God:    Kikubaaqudgha [******]
Gold:   6676       SH: 23    Dex: 14    Spells: 11/54 levels left

rFire   + + .        b - +3 Elemental Staff {ele, rElec rF+ rC+ AC+3}
rCold   + . .        g - +5 Storm Queen's Shield {shock, Fly rElec}
rNeg    . . .        U - +5 swamp dragon scales "Zuloet" {rPois rF+}
rPois   +            h - +2 helmet {Int+3}
rElec   +            L - +2 cloak {rCorr}
rCorr   +            q - +2 pair of gloves {Dex+3}
SInv    .            G - +2 pair of boots
Will    ++...        P - amulet of Sumo {RegenMP Int+5}
Stlth   +            t - +4 ring of protection
HPRegen 0.57/turn    X - ring of the Hare {EV+10}
MPRegen 0.67/turn

%: no passive effects
@: flying, slow
A: amphibious, slowness 1, strong legs 2, +LOS, large bone plates 1, clumsy 1,
deterioration 1, weak 1
0: Orb of Zot
}: 3/15 runes: barnacled, silver, gossamer
a: Hop, Renounce Religion, Unearth Wretches, Torment


You escaped.
You worshipped Kikubaaqudgha.
Kikubaaqudgha was exalted by your worship.
You visited 10 branches of the dungeon, and saw 48 of its levels.
You visited the Abyss 2 times.
You also visited: Ice Cave.

You collected 9051 gold pieces.
You spent 2375 gold pieces at shops.

Inventory:

Hand Weapons
 a - the +10 morningstar "Eos" {elec, Halo rElec}
   (You found it on level 5 of the Dungeon)

   Halo:      It grants its wielder a halo, revealing invisible creatures and
   increasing accuracy against all within it other than the wielder.
   rElec:     It insulates you from electricity.
 b - the +3 Elemental Staff (weapon) {ele, rElec rF+ rC+ AC+3}
   (You found it on level 11 of the Dungeon)

   AC+3:      It affects your AC (+3).
   rF+:       It protects you from fire.
   rC+:       It protects you from cold.
   rElec:     It insulates you from electricity.
Missiles
 K - 2 throwing nets
 Y - 4 curare-tipped darts
Armour
 g - the +5 Storm Queen's Shield (worn) {shock, Fly rElec}
   (You found it on level 3 of the Elven Halls)

   Shock:     When it blocks an attack, it may electrocute the attacker.
   This works even against foes who are a short distance away.
   rElec:     It insulates you from electricity.
   Fly:       It grants you flight.
 h - a +2 helmet of intelligence (worn)
 q - a +2 pair of gloves of dexterity (worn)
 G - a +2 pair of boots (worn)
 L - a +2 cloak of preservation (worn)
 U - the +5 swamp dragon scales "Zuloet" (worn) {rPois rF+}
   (You found it on level 1 of the Vaults)

   rF+:       It protects you from fire.
   rPois:     It protects you from poison
Jewellery
 t - a +4 ring of protection (left hand)
 B - a ring of resist corrosion
 C - an amulet of regeneration
 P - the amulet of Sumo (around neck) {RegenMP Int+5}
   (You found it on level 5 of the Vaults)

   [amulet of magic regeneration]

   RegenMP:   It increases your rate of magic regeneration.
   Int+5:     It affects your intelligence (+5).
 X - the ring of the Hare (right hand) {EV+10}
   (You found it on level 3 of the Lair of Beasts)

   [ring of evasion]

   EV+10:     It affects your evasion (+10).
Wands
 c - a wand of charming (16)
 u - a wand of quicksilver (20)
 Q - a wand of iceblast (31)
 S - a wand of digging (13)
 V - a wand of mindburst (17)
Scrolls
 e - 5 scrolls of poison
 j - 4 scrolls of fog
 r - 11 scrolls of blinking
 v - 7 scrolls of revelation
 y - 18 scrolls of teleportation
 H - 4 scrolls of fear
 M - 11 scrolls of noise
 R - 4 scrolls of summoning
 T - 8 scrolls of vulnerability
 W - 2 scrolls of silence
 Z - 5 scrolls of immolation
Potions
 d - 7 potions of curing
 f - 10 potions of mutation
 k - 11 potions of brilliance
 l - 8 potions of enlightenment
 n - 8 potions of heal wounds
 s - 4 potions of resistance
 w - 10 potions of attraction
 x - 4 potions of magic
 z - 5 potions of berserk rage
 A - 3 potions of invisibility
 E - 7 potions of ambrosia
 F - 3 potions of haste
 I - 4 potions of cancellation
 J - 6 potions of might
Miscellaneous
 m - a phantom mirror
 o - a tin of tremorstones (2/2)
 p - a lightning rod (4/4)
 D - a phial of floods
 O - a sack of spiders (inert)


   Skills:
 + Level 19.6 Fighting
 - Level 16.0(16.3) Maces & Flails
 - Level 6.0(12.0) Staves
 - Level 15.0 Armour
 - Level 8.0 Dodging
 - Level 1.7 Stealth
 - Level 18.0 Shields
 - Level 14.0 Spellcasting
 - Level 15.0 Conjurations
 - Level 16.0 Summonings
 - Level 23.0 Necromancy
 - Level 3.0 Translocations
 - Level 12.0 Earth Magic
 - Level 9.4 Alchemy
 - Level 19.2 Evocations


You had 11 spell levels left.
You knew the following spells:

 Your Spells              Type           Power      Damage    Failure   Level
a - Death Channel         Necr           56%        N/A       1%          6
b - Spellforged Servitor  Conj/Summ      47%        N/A       9%          7
c - Irradiate             Conj/Alch      42%        3d25      1%          5
d - Martyr's Knell        Necr/Summ      100%       N/A       1%          4
e - Infestation           Necr           56%        N/A       3%          8
f - Borgnjor's Vile Clut  Necr/Erth      61%        N/A       1%          5
g - Blink                 Tloc           92%        N/A       2%          2
h - Bombard               Conj/Erth      55%        9d9       3%          6

Your spell library contained the following spells:

 Spells                   Type           Power      Damage    Failure   Level
 Kiss of Death            Conj/Necr      100%       2d13      0%          1
 Magic Dart               Conj           100%       1d8       0%          1
 Necrotise                Necr           100%       1d9       0%          1
 Summon Small Mammal      Summ           100%       N/A       0%          1
 Call Imp                 Summ           100%       N/A       0%          2
 Sublimation of Blood     Necr           100%       N/A       0%          2
 Vampiric Draining        Necr           100%       2d13      0%          3
 Animate Dead             Necr           100%       N/A       0%          4
 Dispel Undead            Necr           100%       3d31      0%          4
 Curse of Agony           Necr           100%       N/A       0%          5
 Apportation              Tloc           92%        N/A       1%          1
 Shock                    Conj/Air       100%       1d9       1%          1
 Sting                    Conj/Alch      100%       1d9       1%          1
 Cigotuvi's Dreadful Rot  Necr/Alch/Air  100%       N/A       1%          2
 Mercury Vapours          Alch/Air       100%       N/A       1%          2
 Call Canine Familiar     Summ           96%        N/A       1%          3
 Dazzling Flash           Conj/Hex       100%       N/A       1%          3
 Mephitic Cloud           Conj/Alch/Air  90%        N/A       1%          3
 Passwall                 Erth           100%       N/A       1%          3
 Stone Arrow              Conj/Erth      100%       3d13      1%          3
 Summon Ice Beast         Ice/Summ       90%        N/A       1%          3
 Anguish                  Hex/Necr       41%        N/A       1%          4
 Animate Armour           Summ/Erth      100%       N/A       1%          4
 Brom's Barrelling Bould  Conj/Erth      100%       2d11      1%          4
 Fulminant Prism          Conj/Alch      42%        3d19      1%          4
 Iskenderun's Mystic Bla  Conj/Tloc      74%        2d15      1%          4
 Leda's Liquefaction      Alch/Erth      50%        N/A       1%          4
 Olgreb's Toxic Radiance  Alch           75%        N/A       1%          4
 Petrify                  Alch/Erth      100%       N/A       1%          4
 Summon Blazeheart Golem  Fire/Summ      90%        N/A       1%          4
 Summon Lightning Spire   Summ/Air       90%        N/A       1%          4
 Lee's Rapid Deconstruct  Erth           53%        3d25*     1%          5
 Summon Cactus Giant      Summ           48%        N/A       1%          6
 Haunt                    Necr/Summ      52%        N/A       1%          7
 Flame Wave               Conj/Fire      87%        2d19      2%          4
 Summon Forest            Summ/Tloc      38%        N/A       3%          5
 Borgnjor's Revivificati  Necr           56%        N/A       3%          8
 Summon Mana Viper        Hex/Summ       70%        N/A       6%          5
 Fireball                 Conj/Fire      43%        3d17      7%          5
 Monstrous Menagerie      Summ           48%        N/A       7%          7
 Summon Hydra             Summ           48%        N/A       7%          7
 Ensorcelled Hibernation  Hex/Ice        74%        N/A       9%          2
 Scorch                   Fire           74%        2d8       9%          2
 Ignite Poison            Fire/Alch      73%        N/A       9%          4
 Sticky Flame             Fire/Alch      73%        2d12      9%          4
 Orb of Destruction       Conj           46%        9d12      10%         7
 Manifold Assault         Tloc           46%        N/A       16%         4
 Confusing Touch          Hex            25%        N/A       17%         3
 Frozen Ramparts          Ice            74%        1d12      17%         3
 Inner Flame              Hex/Fire       37%        N/A       17%         3
 Swiftness                Air            37%        N/A       17%         3
 Tukima's Dance           Hex            25%        N/A       17%         3
 Eringya's Noxious Bog    Alch           37%        4d6       19%         6
 Freezing Cloud           Conj/Ice/Air   47%        6-21      21%         5
 Dimensional Bullseye     Hex/Tloc       18%        N/A       30%         4
 Vhi's Electric Charge    Tloc/Air       100%       N/A       30%         4
 Death's Door             Necr           56%        N/A       41%         9
 Summon Horrible Things   Summ           48%        N/A       45%         8
 Airstrike                Air            18%        2d(3-19)  50%         4
 Cause Fear               Hex            12%        N/A       50%         4
 Malign Gateway           Summ/Tloc      38%        N/A       67%         7
 Sculpt Simulacrum        Ice/Alch       36%        N/A       77%         6
 Lehudib's Crystal Spear  Conj/Erth      55%        10d13     82%         8
 Metabolic Englaciation   Hex/Ice        18%        N/A       83%         5
 Dispersal                Tloc           23%        N/A       94%         6
 Ozocubu's Refrigeration  Ice            18%        4d11      100%        7
 Disjunction              Tloc           23%        N/A       100%        8
 Ignition                 Fire           18%        3d7       100%        8
 Chain Lightning          Conj/Air       43%        3d58      100%        9
 Dragon's Call            Summ           48%        N/A       100%        9
 Polar Vortex             Ice            18%        12d2*     100%        9


Dungeon Overview and Level Annotations

Branches:
Dungeon (15/15)            Temple (1/1) D:4            Lair (5/5) D:9
 Shoals (4/4) Lair:3       Spider (4/4) Lair:2        Slime (0/5) Lair:4
    Orc (2/2) D:10            Elf (3/3) Orc:2        Vaults (5/5) D:14
  Crypt (0/3) Vaults:3     Depths (4/4) D:15            Zot (5/5) Depths:4
  IceCv (visited)

Altars:
Ashenzari
Cheibriados
Dithmenos
Elyvilon
Fedhas
Gozag
Hepliaklqana
Kikubaaqudgha
Makhleb
Nemelex Xobeh
Okawaru
Qazlal
Ru
Sif Muna
Trog
Uskayaw
Vehumet
Wu Jian
Xom
Yredelemnul
Zin
The Shining One

Shops:
D:8 !   D:11 :==   Orc:2 :!!=*   Elf:3 =*[

Portals:
Hell: Depths:1 Depths:2 Depths:4
Abyss: Depths:1 Depths:3
Pandemonium: Depths:2
Ziggurat: Depths:1

Annotations:
D:3 exclusion: downstairs
D:5 exclusion: bombardier beetle, Menkaure
D:6 3 runed translucent doors, lucidstorm14's ghost, novice MiBe
Spider:3 1 runed translucent door, Neisk's ghost, adept MiBe
Elf:2 3 runed translucent doors
Vaults:2 exclusion: downstairs
Depths:3 exclusions: death scarab and 1 more exclusion
Depths:4 1 exclusion
Zot:4 exclusions: door and downstairs
Zot:5 Luser's ghost, veteran OnBe


Innate Abilities, Weirdness & Mutations

You are amphibious.
You cover ground slowly.
You can hop long distances.
You have an extended range of vision and can be seen from far away.
You are partially covered in large bone plates. (SH +4)
You are clumsy. (Dex -2)
Your body sometimes deteriorates upon taking damage.
You are weak. (Str -2)


Message History

(N) Spider Nest (M) Slime Pits (O) Orcish Mines (E) Elven Halls (V) Vaults (C) Crypt (U) Depths (H) Hell (Z) Zot
Where to? (Tab/Enter - D:1 @ (x,y), ? - help)
There is a stone staircase leading up here.
You fly upwards.
Your summoned ally is left behind.
There is a stone staircase leading down here.
An Ice Fiend comes into view.
Blink to where?
Press: ? - help, Dir - move target
As you read the scroll of blinking, it crumbles to dust.
You fly upwards.
Level annotation: exclusion: downstairs
There is a stone staircase leading down here.
(D) Dungeon (T) Temple (L) Lair (A) Shoals (N) Spider Nest (M) Slime Pits (O) Orcish Mines (E) Elven Halls (V) Vaults (C) Crypt (U) Depths (H) Hell (Z) Zot
Where to? (Tab/Enter - D:1 @ (x,y), ? - help)
What level of the Dungeon? (default 1, ? - help)
There is a stone staircase leading up here.
You fly upwards.
There is a stone staircase leading down here.
There is a stone staircase leading up here.
You fly upwards.
There is a stone staircase leading down here.
(D) Dungeon (T) Temple (L) Lair (A) Shoals (N) Spider Nest (M) Slime Pits (O) Orcish Mines (E) Elven Halls (V) Vaults (C) Crypt (U) Depths (H) Hell (Z) Zot
Where to? (Tab/Enter - D:1, ? - help) You're already here!
(D) Dungeon (T) Temple (L) Lair (A) Shoals (N) Spider Nest (M) Slime Pits (O) Orcish Mines (E) Elven Halls (V) Vaults (C) Crypt (U) Depths (H) Hell (Z) Zot
Where to? (Tab/Enter - D:1, ? - help)
What level of the Dungeon? (default 1, ? - help)
There is a staircase leading out of the dungeon here.
You have escaped!

#....................#.##........
#............~.......#..+........
.........#...~~.~.~..####........
.###.....#.~~~.~.~~..# #........
.# #.....#.~~..~.~~~.# #........
.# #.....#..~.~~≈.~~.# #####....
.# #.....#..~~≈≈~≈≈..# ###....
.###.....#...~≈≈~....# ##.....>
.......###≈..~~~@~~.~# #.......
.......# #...≈.≈≈~..~# #.......
.......# #~..~~~~...~# #.......
.......# #~...~~....≈# #.......
.......###≈~...~...~~# #.......
....##...#≈~.......≈≈# #.......
########.#~~.....~~≈≈# #......#
#.#≈≈≈~....~≈≈# #......#
#.#≈≈≈~≈~~≈≈≈≈# #......#


There were no monsters in sight!

Vanquished Creatures
  A dread lich (Vaults:5)
  3 orbs of fire
  Mara (Shoals:3)
  Mennas (Vaults:3)
  3 juggernauts (Depths:3)
  3 Killer Klowns
  A curse toe (Zot:3)
  2 caustic shrikes (Depths:2)
  8 golden dragons
  A profane servitor (Abyss:3)
  Nikola (Shoals:1)
  Norris (Depths:3)
  5 tentacled monstrosities
  2 deep elf master archers (Elf:3)
  Zenata (Elf:1)
  3 quicksilver dragons
  9 Orb Guardians
  2 deep elf blademasters (Elf:3)
  2 walking frostbound tomes (Depths:3)
  6 death cobs
  4 sphinxes
  2 tentacled starspawn (Abyss:3)
  An Executioner (D:5)
  Gastronok (Lair:1)
  2 titans
  An ancient champion (Vaults:3)
  9 shadow dragons
  Aizul (Vaults:1)
  9 fire giants
  5 tengu reavers
  4 storm dragons
  7 deep elf sorcerers
  3 draconian knights
  An emperor scorpion (Spider:3)
  An iron dragon (Depths:3)
  Roxanne (Shoals:1)
  5 draconian monks
  3 ghost moths
  9 frost giants
  A draconian scorcher (Zot:1)
  A draconian stormcaller (Zot:1)
  An orc warlord (Vaults:4)
  A deep elf elementalist (Elf:3)
  An angel (D:13)
  2 balrugs
  A cacodemon (Abyss:3)
  A reaper (D:11)
  8 vault wardens
  7 ironbound preservers
  A formless jellyfish (Vaults:1)
  9 very ugly things
  2 draconian annihilators
  14 stone giants
  A spriggan defender (Depths:2)
  4 ironbound thunderhulks
  5 black draconians
  A lorocyproca (D:7)
  3 deep elf death magi (Elf:3)
  5 white draconians
  6 green draconians
  4 deep elf annihilators (Elf:3)
  7 deep elf demonologists (Elf:3)
  6 dire elephants
  3 red draconians
  2 purple draconians
  A war gargoyle (Vaults:5)
  3 spark wasps
  8 yellow draconians
  An eidolon (Abyss:3)
  6 fire dragons
  2 merfolk javelineers (Shoals:4)
  A crystal guardian (Vaults:3)
  12 ettins
  2 deep elf high priests
  12 yaktaur captains
  5 entropy weavers
  5 merfolk impalers
  A rakshasa (Depths:2)
  17 vault guards
  8 hydras
  2 great orbs of eyes (Vaults:3)
  9 ice dragons
  A peacekeeper (Vaults:3)
  5 jorogumos
  5 ogre magi
  5 merfolk avatars
  Erica (D:10)
  A radroach (Spider:3)
  2 spriggan air magi
  8 centaur warriors
  An alligator snapping turtle (Shoals:4)
  3 catoblepae
  9 boulder beetles
  2 satyrs (Shoals:4)
  9 death yaks (Lair:5)
  8 ironbound frosthearts
  17 two-headed ogres
  9 death scarabs (Spider:4)
  6 deep troll earth magi
  17 dancing weapons
  4 deep troll shamans
  5 tengu warriors
  2 vampire magi
  4 demonic crawlers
  5 thrashing horrors (Abyss:3)
  2 soul eaters
  9 hell knights
  3 sun demons
  9 spriggan berserkers
  An occultist (Depths:2)
  3 skysharks
  5 deep elf knights
  A spectral emperor scorpion (Spider:4)
  An iron troll (Depths:2)
  A wretched star (Abyss:3)
  A spriggan rider (Depths:3)
  3 pharaoh ants
  A titan skeleton (Vaults:3)
  6 sea snakes
  A ghost moth zombie (Spider:4)
  6 orb spiders
  5 arcanists
  2 shadow demons
  10 skeletal warriors
  A death drake (shapeshifter) (Vaults:5)
  A sun moth (Spider:3)
  25 deep trolls
  4 flayed ghosts
  3 glowing orange brains
  A storm dragon skeleton (Vaults:3)
  A sun moth (shapeshifter) (D:15)
  A glowing orange brain (shapeshifter) (D:11)
  A broodmother zombie (Spider:4)
  A phantasmal warrior (Vaults:4)
  7 deep elf archers
  A spectral wolf spider (Spider:4)
  3 orc knights
  21 deep elf pyromancers
  20 ironbound convokers
  4 lindwurms (Vaults:2)
  2 wolf spider zombies (Spider:4)
  A steelbarb worm (Spider:4)
  21 deep elf zephyrmancers
  11 harpies
  2 necromancers
  3 orc sorcerers
  13 wolf spiders
  A jorogumo zombie (Spider:4)
  A salamander (shapeshifter) (Elf:2)
  A shining eye (shapeshifter) (Vaults:5)
  9 cyclopes
  5 fauns (Shoals:3)
  5 manticores
  10 moths of wrath
  17 ugly things
  A worldbinder (Abyss:3)
  A faun (shapeshifter) (Depths:3)
  An iron dragon skeleton (Vaults:3)
  6 elephants (Lair:5)
  A fire giant skeleton (Vaults:3)
  8 merfolk sirens
  Joseph (D:8)
  5 water nymphs
  2 torpor snails
  2 meliai (Spider:1)
  6 black mambas
  11 vault sentinels
  A water nymph (shapeshifter) (Elf:1)
  An apocalypse crab (Zot:4)
  An ice statue (IceCv)
  3 gargoyles
  2 smoke demons
  4 orange demons
  7 large abominations (Abyss:3)
  An unseen horror (shapeshifter) (Elf:2)
  6 merfolk zombies (Shoals:4)
  5 komodo dragons
  6 cane toads
  2 redback zombies (Spider:4)
  4 freezing wraiths
  A spectral redback (Spider:4)
  5 rime drakes
  2 anaconda simulacra (IceCv)
  14 ice devils (IceCv)
  29 yaktaurs
  2 efreet
  4 tengu conjurers
  An ancient zyme (Abyss:3)
  A yaktaur skeleton (Vaults:3)
  8 trolls
  13 merfolk
  3 polar bears
  4 hornets
  2 spectral jumping spiders (Spider:4)
  A wind drake (Shoals:4)
  4 spectral tarantellas (Spider:4)
  2 glass eyes
  26 tarantellas
  4 culicivora zombies (Spider:4)
  2 raiju (Abyss:3)
  7 blink frogs
  Grinder (D:4)
  2 snapping turtles
  2 tarantella zombies (Spider:4)
  2 dream sheep (Shoals:4)
  A jumping spider zombie (Spider:4)
  12 jumping spiders
  11 culicivoras
  26 slime creatures
  4 air elementals
  A vampire (D:13)
  3 shadows
  5 fire elementals
  62 yaks
  3 wyverns
  A fire bat (Depths:1)
  9 water elementals
  3 neqoxecs (Abyss:3)
  4 wargs
  35 redbacks
  Grum (Lair:1)
  3 death yak simulacra (IceCv)
  4 basilisks
  Edmund (D:4)
  2 small abominations (Abyss:3)
  4 vampire mosquitoes
  3 hydra simulacra (IceCv)
  3 acid dragons
  11 water moccasins
  A glowing shapeshifter skeleton (Vaults:3)
  2 hell hounds (Abyss:3)
  A nameless horror (Zot:2)
  14 orc warriors
  An ogre skeleton (Vaults:3)
  2 sky beasts
  A laughing skull (Abyss:3)
  A black bear (Lair:1)
  A wolf (shapeshifter) (D:14)
  13 wolves
  23 ogres
  A centaur (D:8)
  2 phantoms
  A kobold brigand (D:8)
  4 scorpions
  5 earth elementals
  12 bullfrogs
  2 cane toad simulacra (IceCv)
  2 two-headed ogre simulacra (IceCv)
  A cyclops zombie (Shoals:4)
  4 human skeletons (Vaults:3)
  5 wights (D:7)
  5 killer bees
  3 elephant simulacra (IceCv)
  2 vampire bats (D:8)
  7 electric eels
  9 crimson imps (D:6)
  6 howler monkeys
  2 jellies
  A bombardier beetle (D:4)
  4 orc priests
  2 hounds
  Crazy Yiuf (D:2)
  2 sleepcaps
  Terence (D:2)
  2 iguanas
  12 orc wizards
  5 polar bear simulacra (IceCv)
  2 spriggan simulacra (IceCv)
  7 wolf simulacra (IceCv)
  Robin (D:3)
  A naga simulacrum (IceCv)
  4 adders
  14 white imps
  A shadow imp (D:5)
  2 dart slugs
  A ribbon worm (D:3)
  30 orcs
  5 ball pythons
  9 endoplasms
  A giant cockroach (D:3)
  12 goblins
  13 hobgoblins
  6 jackals
  8 kobolds
  4 quokkas
  9 bats
  3 frilled lizards
  3 rats
  3 starspawn tentacles (Abyss:3)
1457 creatures vanquished.

Vanquished Creatures (collateral kills)
  3 dread liches
  An ancient lich (Vaults:5)
  A juggernaut (Depths:3)
  An orb of fire (Zot:5)
  5 Killer Klowns (Zot:5)
  3 golden dragons
  A bone dragon (Depths:4)
  11 tentacled monstrosities
  2 electric golems (Zot:5)
  A walking crystal tome (Depths:3)
  17 Orb Guardians
  4 liches
  3 titans
  A walking divine tome (Depths:3)
  A quicksilver dragon (Zot:1)
  3 sphinxes
  2 death cobs
  A tentacled starspawn (Abyss:3)
  2 tengu reavers
  Donald (Spider:4)
  6 shadow dragons
  2 storm dragons
  2 protean progenitors (Zot:1)
  A draconian knight (Zot:1)
  A frost giant (Vaults:5)
  5 draconian monks
  2 fire giants
  3 deep elf sorcerers
  2 draconian scorchers
  A ghost moth (Spider:4)
  2 draconian shifters (Zot:1)
  2 emperor scorpions (Spider:4)
  11 vault wardens
  An iron dragon (Depths:3)
  10 stone giants
  An orc warlord (Orc:2)
  A draconian annihilator (Zot:5)
  A formless jellyfish (Vaults:2)
  A cacodemon (Depths:2)
  11 very ugly things
  9 ironbound preservers
  8 white draconians
  7 ironbound thunderhulks
  A vampire knight (Depths:3)
  A lorocyproca (Zot:3)
  6 green draconians
  4 deep elf annihilators
  2 deep elf demonologists
  3 dire elephants
  3 spark wasps
  3 purple draconians
  3 deep elf death magi
  4 black draconians
  11 red draconians
  7 yellow draconians
  2 war gargoyles (Vaults:5)
  8 ettins
  2 crystal guardians
  12 yaktaur captains
  6 fire dragons
  2 merfolk javelineers (Shoals:4)
  A merfolk impaler (Shoals:1)
  6 entropy weavers
  A hydra (Lair:2)
  3 rakshasas
  4 ice dragons
  A peacekeeper (Vaults:1)
  2 spriggan air magi (Depths:3)
  4 great orbs of eyes
  4 ogre magi
  2 catoblepae (Lair:5)
  22 vault guards
  5 ironbound frosthearts
  5 centaur warriors
  2 radroaches
  3 merfolk aquamancers
  2 jorogumos
  2 deep troll shamans (Depths:1)
  10 two-headed ogres
  2 tengu warriors
  2 death yaks (Lair:5)
  3 deep troll earth magi
  2 hell hogs (Depths:1)
  6 dancing weapons
  A satyr (Shoals:4)
  A spriggan berserker (Depths:1)
  A deep elf knight (Elf:3)
  A demonic crawler (Spider:3)
  5 sun demons
  3 hell knights
  A shadow wraith (Vaults:5)
  A wretched star (Abyss:3)
  5 skysharks
  2 pharaoh ants
  6 iron trolls
  A skyshark (shapeshifter) (Vaults:5)
  2 sea snakes
  37 deep trolls
  A sixfirhy (Zot:5)
  A large abomination (Abyss:3)
  A flayed ghost (Depths:3)
  3 lindwurms (Vaults:3)
  6 steelbarb worms
  2 arcanists
  7 orb spiders
  11 ironbound convokers
  11 harpies
  2 deep elf archers
  An orc knight (Vaults:5)
  3 phantasmal warriors (Vaults:5)
  2 cyclopes
  5 fauns
  8 deep elf pyromancers
  6 deep elf zephyrmancers
  4 wolf spiders
  13 ugly things
  6 manticores
  2 shining eyes (shapeshifter)
  6 moths of wrath
  A meliai (Spider:1)
  A nameless horror (Zot:3)
  3 vault sentinels
  2 merfolk sirens
  4 smoke demons
  3 cane toads
  7 water nymphs
  2 komodo dragons
  3 torpor snails
  31 yaktaurs
  A freezing wraith (Vaults:5)
  A redback zombie (Spider:4)
  A troll (Orc:2)
  3 tengu conjurers (Depths:3)
  6 merfolk
  2 hornets
  A glass eye (Depths:2)
  13 tarantellas
  2 blink frogs
  16 jumping spiders
  7 slime creatures
  A centaur simulacrum (D:11)
  2 snapping turtles (Shoals:2)
  2 meliai zombies (Spider:1)
  19 yaks
  3 culicivoras
  2 spriggans (Depths:3)
  A ynoxinul (Abyss:3)
  5 water elementals
  A small abomination (Abyss:3)
  A fire elemental (Depths:1)
  2 fire bats (Depths:1)
  2 basilisks (Shoals:3)
  3 golden eyes (D:14)
  A chaos spawn (Abyss:3)
  A warg (Orc:2)
  29 redbacks
  A skyshark zombie (Depths:3)
  An acid dragon (D:12)
  2 water moccasins
  An entropy weaver zombie (Spider:2)
  A hell hound (Abyss:3)
  An orc warrior (Vaults:5)
  7 ogres
  A bullfrog (Lair:2)
  A scorpion (Lair:2)
  An orc priest (Orc:2)
  2 orc wizards (Orc:2)
  11 orcs
  A giant cockroach (D:2)
  A ball python (D:1)
  2 starspawn tentacles (Abyss:3)
715 creatures vanquished.

Vanquished Creatures (others)
  A golden dragon (Zot:5)
  A storm dragon (Zot:5)
  A shadow dragon (Zot:5)
  A draconian scorcher (Zot:5)
  A caustic shrike zombie (Depths:2)
  A formless jellyfish (Vaults:5)
  An ironbound thunderhulk (Vaults:1)
  2 yellow draconians (Zot:2)
  A red draconian (Zot:1)
  A deep elf annihilator (Elf:3)
  A purple draconian (Zot:5)
  2 very ugly thing zombies (Depths:2)
  A fire dragon (Depths:2)
  A merfolk aquamancer (Shoals:1)
  A guardian serpent zombie (Vaults:1)
  A titan zombie (Depths:3)
  2 deep elf knights
  2 spark wasp zombies (Spider:4)
  3 ironbound convokers
  A deep troll (Orc:2)
  An orc knight (Vaults:1)
  A wolf spider zombie (Spider:4)
  7 ugly thing zombies
  A frost giant zombie (Depths:4)
  A moth of wrath (Zot:5)
  A cane toad (Lair:2)
  3 death yak zombies (Lair:5)
  15 human zombies
  2 sea snake zombies
  14 redback zombies
  An orb spider zombie (Spider:4)
  4 steelbarb worm zombies
  A black draconian zombie (Depths:4)
  An iron troll zombie (Depths:3)
  A harpy zombie (Vaults:1)
  A hydra zombie (Lair:5)
  2 demonic crawler zombies
  2 trolls (Orc:2)
  2 jumping spider zombies
  A spriggan zombie (Depths:2)
  A fire dragon zombie (Depths:2)
  4 culicivora zombies
  An ettin zombie (Depths:2)
  A boulder beetle zombie (Vaults:1)
  6 tarantella zombies
  An ice dragon zombie (Depths:1)
  A meliai zombie (Spider:1)
  3 black mamba zombies
  2 skyshark zombies
  A two-headed ogre zombie (Orc:2)
  11 deep troll zombies
  3 tengu zombies
  4 merfolk zombies
  2 manticore zombies (Shoals:4)
  2 elephant zombies (Lair:5)
  34 elf zombies
  A torpor snail zombie (Spider:3)
  A blink frog zombie (Lair:1)
  2 rime drake zombies (Lair:5)
  11 yaktaur zombies
  2 water moccasin zombies
  2 warg zombies (Orc:2)
  20 yak zombies
  2 troll zombies (Orc:2)
  6 wolf zombies
  A black bear zombie (Lair:1)
  An orc wizard (Orc:2)
  6 ogre zombies
  A white imp (Orc:1)
  An orc (Orc:1)
  22 orc zombies
  8 starspawn tentacles (Abyss:3)
252 creatures vanquished.

Grand Total: 2424 creatures vanquished

Notes
Turn   | Place    | Note
-------+----------+-------------------------------------------
     0 | D:1      | ragingrage the Barachi Necromancer began the quest for the
                  | Orb.
     0 | D:1      | Reached XP level 1. HP: 13/13 MP: 3/3
   143 | D:1      | Reached skill level 4 in Necromancy
   143 | D:1      | Reached XP level 2. HP: 15/19 MP: 0/5
   345 | D:1      | Learned a level 1 spell: Sting
   404 | D:1      | Found a faded altar of an unknown god.
   854 | D:1      | Reached XP level 3. HP: 23/24 MP: 0/6
  1012 | D:1      | Reached skill level 1 in Conjurations
  1264 | D:2      | Reached skill level 1 in Alchemy
  1337 | D:2      | Learned a level 3 spell: Vampiric Draining
  1554 | D:2      | Found a runed translucent door.
  1555 | D:2      | Noticed Crazy Yiuf
  1595 | D:2      | Reached XP level 4. HP: 30/30 MP: 3/7
  1885 | D:2      | Noticed Terence
  1892 | D:2      | Killed Terence
  2161 | D:3      | Noticed an ogre
  2783 | D:3      | Killed an ogre
  2784 | D:3      | Reached XP level 5. HP: 35/35 MP: 0/8
  3004 | D:3      | Reached skill level 5 in Necromancy
  3123 | D:3      | Found a stormy altar of Qazlal.
  3304 | D:3      | Found a sacrificial altar of Ru.
  3307 | D:3      | Found a snail-covered altar of Cheibriados.
  3437 | D:3      | Became a worshipper of Ru the Awakened
  3464 | D:4      | Noticed Robin
  3473 | D:3      | Reached XP level 6. HP: 36/41 MP: 5/9
  3502 | D:4      | Noticed Grinder
  3504 | D:4      | Paralysed by Grinder for 2 turns
  3813 | D:3      | Killed Robin
  4035 | D:4      | Noticed Edmund
  4082 | D:4      | Paralysed by Grinder for 2 turns
  4199 | D:4      | Paralysed by Grinder for 5 turns
  4202 | D:4      | Killed Grinder
  4203 | D:4      | Reached XP level 7. HP: 31/50 MP: 4/11
  4273 | D:4      | Learned a level 4 spell: Animate Dead
  4304 | D:4      | Found a staircase to the Ecumenical Temple.
  4314 | Temple   | Entered the Ecumenical Temple
  4327 | Temple   | Fell from the grace of Ru
  4327 | Temple   | Became a worshipper of Kikubaaqudgha
  5113 | D:5      | Entered Level 5 of the Dungeon
  5245 | D:5      | Noticed Menkaure
  5252 | D:5      | Found a glowing silver altar of Zin.
  5252 | D:5      | Found a shimmering altar of Xom.
  5253 | D:5      | Noticed an angel
  5404 | D:5      | Reached skill level 6 in Necromancy
  5408 | D:5      | Learned a level 3 spell: Stone Arrow
  5622 | D:5      | Noticed a yak
  5978 | D:5      | Found the +10 morningstar "Eos" {elec, Halo rElec}
  6008 | D:5      | Reached skill level 1 in Maces & Flails
  6044 | D:5      | Reached XP level 8. HP: 58/58 MP: 8/12
  6139 | D:5      | Noticed a yak
  6156 | D:5      | Noticed a yak
  6156 | D:5      | Noticed a yak
  6158 | D:5      | Noticed a yak
  6159 | D:5      | Killed a yak
  6385 | D:4      | Killed Edmund
  6554 | D:5      | Reached skill level 5 in Maces & Flails
  6886 | D:6      | Found a runed translucent gate.
  6886 | D:6      | Found a runed translucent gate.
  6886 | D:6      | Found a runed translucent gate.
  6887 | D:6      | Noticed lucidstorm14's ghost (novice MiBe)
  6938 | D:6      | Reached * piety under Kikubaaqudgha
  6938 | D:6      | Received a gift from Kikubaaqudgha
  7115 | D:6      | Reached XP level 9. HP: 63/63 MP: 13/13
  8636 | D:8      | Found Mocuah's Distillery.
  8645 | D:8      | Bought a potion of heal wounds for 60 gold pieces
  8645 | D:8      | Bought a potion of curing for 36 gold pieces
  8645 | D:8      | Bought a potion of haste for 120 gold pieces
  8645 | D:8      | Bought a potion of lignification for 36 gold pieces
  8645 | D:8      | Bought a potion of attraction for 36 gold pieces
  8652 | D:8      | Noticed Joseph
  8666 | D:8      | Killed Joseph
  8667 | D:8      | Reached skill level 10 in Maces & Flails
  8809 | D:8      | Found a hazy altar of Hepliaklqana.
  8812 | D:8      | Found a shimmering blue altar of Sif Muna.
  8812 | D:8      | Found an opulent altar of Gozag.
  8815 | D:8      | Found an iron altar of Okawaru.
  8815 | D:8      | Found a white marble altar of Elyvilon.
  9422 | D:9      | Reached XP level 10. HP: 47/70 MP: 14/14
  9693 | D:9      | Identified the +1 hand axe "Ebbau" {distort, Dex+2}
  9931 | D:9      | Found a staircase to the Lair.
  9959 | D:9      | Reached ** piety under Kikubaaqudgha
 10171 | D:9      | Identified the +0 robe "Qongic" {Rampage rCorr Dex+3}
 10618 | D:10     | Entered Level 10 of the Dungeon
 10670 | D:10     | Found a radiant altar of Vehumet.
 10695 | D:10     | Found a staircase to the Orcish Mines.
 10727 | D:10     | Found a sparkling altar of Nemelex Xobeh.
 10769 | D:10     | Noticed Erica
 10779 | D:10     | Killed Erica
 11209 | D:10     | Reached skill level 15 in Maces & Flails
 11209 | D:10     | Reached XP level 11. HP: 65/75 MP: 15/15
 11696 | D:10     | Noticed Sonja
 11697 | D:10     | Sonja changed into Sonja the sky beast
 11697 | D:10     | Noticed Sonja
 11699 | D:10     | Killed Sonja the sky beast
 11860 | Lair:1   | Entered Level 1 of the Lair of Beasts
 11905 | Lair:1   | Noticed Grum
 12245 | Lair:1   | Reached skill level 1 in Armour
 12246 | Lair:1   | Reached skill level 1 in Evocations
 12248 | Lair:1   | Killed Grum
 12840 | Lair:1   | Reached skill level 5 in Fighting
 12985 | Lair:1   | Learned a level 2 spell: Blink
 13004 | Lair:1   | Noticed Gastronok
 13026 | Lair:1   | Reached skill level 1 in Translocations
 13031 | Lair:1   | Reached *** piety under Kikubaaqudgha
 13031 | Lair:1   | Received a gift from Kikubaaqudgha
 13220 | Lair:1   | Killed Gastronok
 13221 | Lair:1   | Reached skill level 5 in Armour
 13380 | Lair:1   | Reached XP level 12. HP: 89/89 MP: 16/16
 13732 | Lair:2   | Found a hole to the Spider Nest.
 13777 | Lair:2   | Noticed a five-headed hydra
 13782 | Lair:2   | Killed a five-headed hydra
 13965 | Lair:2   | Reached skill level 1 in Earth Magic
 14804 | Lair:3   | Found the ring of the Hare {EV+10}
 14850 | Lair:3   | You fall into a shaft and drop 2 floors!
 14850 | Lair:5   | Entered Level 5 of the Lair of Beasts
 14864 | Lair:5   | Noticed a catoblepas
 14865 | Lair:5   | Noticed an eight-headed hydra
 14866 | Lair:5   | Noticed a boulder beetle
 14878 | Lair:5   | Killed a catoblepas
 14882 | Lair:5   | Killed an eight-headed hydra
 14892 | Lair:5   | Reached skill level 5 in Evocations
 14893 | Lair:5   | Gained mutation: You can hop long distances. [Barachi
                  | growth]
 14893 | Lair:5   | Reached XP level 13. HP: 58/101 MP: 10/17
 14893 | Lair:5   | Reached **** piety under Kikubaaqudgha
 14898 | Lair:5   | Reached skill level 5 in Dodging
 14902 | Lair:5   | Reached skill level 10 in Fighting
 15052 | Lair:5   | Reached skill level 10 in Armour
 15663 | Lair:4   | Found a staircase to the Slime Pits.
 16609 | Lair:5   | Reached ***** piety under Kikubaaqudgha
 16818 | Lair:5   | Reached skill level 7 in Necromancy
 16821 | Lair:5   | Reached skill level 5 in Spellcasting
 17239 | Lair:5   | Reached XP level 14. HP: 103/113 MP: 18/21
 17274 | Lair:5   | Learned a level 6 spell: Death Channel
 17280 | Lair:5   | Learned a level 5 spell: Borgnjor's Vile Clutch
 18005 | Lair:3   | Reached skill level 8 in Necromancy
 18301 | Lair:3   | Found a staircase to the Shoals.
 18518 | Lair:3   | Reached skill level 5 in Earth Magic
 19146 | D:11     | Found Qegur's Jewellery Emporium.
 19206 | D:11     | Found Xan Naxt's Jewellery Shop.
 19248 | D:11     | Noticed a stone giant
 19266 | D:11     | Killed a stone giant
 19926 | D:11     | Reached skill level 9 in Necromancy
 20167 | D:11     | Identified the +9 whip "Henkoakhloil" {freeze, *Noise Fly
                  | rCorr}
 20168 | D:11     | Identified the +7 longbow of the Endless Expanse {freeze,
                  | rPois Str+4}
 20225 | D:11     | Found the +3 Elemental Staff {ele, rElec rF+ rC+ AC+3}
 20238 | D:11     | Identified the staff "Loopy" {Conj Hexes}
 20274 | D:11     | Identified the ring "Oteifile" {SInv Stlth+}
 20445 | D:11     | Found Naqiaxes's Book Shop.
 20955 | D:2      | Killed Crazy Yiuf
 21214 | Orc:1    | Entered Level 1 of the Orcish Mines
 21304 | Orc:2    | Entered Level 2 of the Orcish Mines
 21304 | Orc:2    | Noticed an orc warlord
 21327 | Orc:2    | Reached skill level 1 in Shields
 21331 | Orc:2    | Killed an orc warlord
 21332 | Orc:2    | Reached XP level 15. HP: 120/124 MP: 20/22
 21349 | Orc:2    | Found Ajyzaz's Jewellery Shoppe.
 21655 | Orc:2    | Found Unicunah's Assorted Antiques.
 21656 | Orc:2    | Paralysed by an orc sorcerer for 5 turns
 21664 | Orc:2    | Reached skill level 10 in Necromancy
 21736 | Orc:1    | Found a frozen archway.
 21757 | Orc:1    | Reached ****** piety under Kikubaaqudgha
 21845 | IceCv    | Entered an ice cave
 22184 | IceCv    | Found an ancient bone altar of Kikubaaqudgha.
 22528 | IceCv    | Received a gift from Kikubaaqudgha (forbidden knowledge)
 22807 | IceCv    | Reached skill level 11 in Necromancy
 23456 | Orc:2    | Reached skill level 12 in Necromancy
 23591 | Orc:2    | Found Otin's Distillery.
 23592 | Orc:2    | Found Giobisey's Book Boutique.
 23602 | Orc:2    | Found Rutsupul's Distillery.
 23631 | Orc:2    | Found a staircase to the Elven Halls.
 23656 | Orc:2    | Bought 2 potions of ambrosia for 272 gold pieces
 23930 | Orc:2    | Paralysed by an orc sorcerer for 3 turns
 24453 | D:12     | Reached skill level 1 in Staves
 24697 | D:12     | Identified 2 scrolls of acquirement
 24819 | D:12     | Reached skill level 5 in Shields
 24826 | D:12     | Reached XP level 16. HP: 110/134 MP: 13/23
 25087 | D:12     | Noticed a tengu reaver
 25106 | D:12     | Killed a tengu reaver
 25294 | D:12     | Acquired 401 gold pieces
 25297 | D:12     | Acquired the Omnibus of the Elixir
 25305 | D:12     | Learned a level 5 spell: Irradiate
 27206 | D:14     | Reached skill level 5 in Conjurations
 27502 | D:14     | Reached skill level 5 in Alchemy
 27764 | D:14     | Paralysed by an ogre mage for 5 turns
 28092 | D:14     | Found a gate to the Vaults.
 28509 | D:14     | Reached skill level 15 in Fighting
 28869 | D:14     | Found a burning altar of Makhleb.
 29130 | D:15     | Entered Level 15 of the Dungeon
 29148 | D:15     | Found a sacrificial altar of Ru.
 29406 | D:15     | Found a staircase to the Depths.
 29445 | D:15     | Found a stormy altar of Qazlal.
 29660 | D:15     | Reached skill level 13 in Necromancy
 30386 | Spider:1 | Entered Level 1 of the Spider Nest
 30730 | Spider:1 | Found a runed translucent door.
 31121 | Spider:1 | Reached XP level 17. HP: 73/142 MP: 9/24
 34516 | Spider:3 | Found a runed translucent door.
 34517 | Spider:3 | Found a shimmering altar of Xom.
 34517 | Spider:3 | Noticed Neisk's ghost (adept MiBe)
 34518 | Spider:3 | Identified the +7 scimitar of the Telling Gods {chaos, rF-
                  | Will+ Dex+3}
 34810 | Spider:3 | Got the Quarto of Calling and Hurting
 35206 | Spider:4 | Entered Level 4 of the Spider Nest
 35218 | Spider:4 | Noticed Donald
 35235 | Spider:4 | Killed Donald
 35302 | Spider:4 | Your ally Donald died
 35472 | Spider:4 | Reached XP level 18. HP: 151/151 MP: 21/26
 36984 | Spider:4 | Reached skill level 14 in Necromancy
 37823 | Spider:4 | Got a gossamer rune of Zot
 38108 | Shoals:1 | Entered Level 1 of the Shoals
 38108 | Shoals:1 | Noticed Nikola
 38131 | Shoals:1 | Killed Nikola
 38707 | Shoals:1 | Noticed Roxanne
 38730 | Shoals:1 | Killed Roxanne
 40903 | Shoals:4 | Entered Level 4 of the Shoals
 40945 | Shoals:4 | Reached XP level 19. HP: 145/161 MP: 23/29
 41273 | Shoals:4 | Reached skill level 15 in Necromancy
 41343 | Shoals:4 | Identified the ring "Walaxz Gaud" {Fly Will- rCorr Str+6
                  | Stlth-}
 41353 | Shoals:4 | Reached skill level 5 in Staves
 41547 | Shoals:4 | Noticed Mara
 41562 | Shoals:4 | Noticed ragingrage's illusion
 41570 | Shoals:4 | Reached skill level 10 in Evocations
 41800 | Shoals:4 | Noticed ragingrage's illusion
 42582 | Shoals:4 | Got a barnacled rune of Zot
 42952 | Shoals:4 | Noticed ragingrage's illusion
 43395 | Shoals:4 | Noticed ragingrage's illusion
 43414 | Shoals:3 | Noticed ragingrage's illusion
 43420 | Shoals:3 | Killed Mara
 43893 | Elf:1    | Entered Level 1 of the Elven Halls
 43898 | Elf:1    | Paralysed by an air elemental for 1 turns
 43910 | Abyss:3  | Cast into level 3 of the Abyss (a deep elf sorcerer)
 44005 | Abyss:3  | Found an opulent altar of Gozag.
 44014 | Abyss:3  | Gained mutation: You are frail. (-10% HP) [a neqoxec]
 44048 | Abyss:3  | Gained mutation: Your magical capacity is extremely low.
                  | (-30% MP) [a neqoxec]
 44163 | Abyss:3  | HP: 6/144 [white very ugly thing (14)]
 44179 | Elf:1    | Escaped the Abyss
 44702 | Elf:1    | Learned a level 4 spell: Martyr's Knell
 44777 | Elf:1    | Identified the +0 leather armour "Niwuetz" {rElec rN+
                  | Dex-4}
 44788 | Elf:1    | Paralysed by an air elemental for 1 turns
 44964 | Elf:1    | Reached skill level 1 in Summonings
 45147 | Elf:1    | Noticed Zenata
 45163 | Elf:1    | Killed Zenata
 45164 | Elf:1    | Paralysed by an air elemental for 1 turns
 46329 | Elf:2    | Reached skill level 16 in Necromancy
 47443 | Elf:2    | Reached XP level 20. HP: 145/149 MP: 25/27
 47488 | Elf:2    | Reached skill level 5 in Summonings
 47747 | Elf:2    | Found a runed translucent gate.
 47748 | Elf:2    | Found a runed translucent gate.
 47748 | Elf:2    | Found a runed translucent gate.
 47925 | Elf:3    | Entered Level 3 of the Elven Halls
 48278 | Vaults:1 | Entered Level 1 of the Vaults
 49686 | Vaults:2 | Reached skill level 17 in Necromancy
 50609 | Vaults:2 | Identified the +6 arbalest "Zofomo" {drain, Str+2}
 50613 | Vaults:2 | Identified the +3 arbalest of Fate {speed, rF- rC- Int+8
                  | Stlth+}
 50968 | Vaults:2 | Reached skill level 10 in Summonings
 51871 | Vaults:1 | Reached skill level 18 in Necromancy
 52750 | Vaults:1 | Identified the serpent talisman of Kemisom {rC++}
 52750 | Vaults:1 | Noticed Aizul
 52762 | Vaults:1 | Killed Aizul
 52763 | Vaults:1 | Reached XP level 21. HP: 103/154 MP: 14/28
 52858 | Vaults:1 | Your ally Aizul died
 53368 | Vaults:1 | Identified the +5 swamp dragon scales "Zuloet" {rPois rF+}
 53397 | Vaults:1 | Learned a level 8 spell: Infestation
 54122 | Vaults:3 | Reached skill level 19 in Necromancy
 54599 | Vaults:3 | Noticed Mennas
 54603 | Vaults:3 | Found a staircase to the Crypt.
 54644 | Vaults:3 | Lost mutation: Your magical capacity is low. (-10% MP)
                  | [potion of mutation]
 54644 | Vaults:3 | Lost mutation: You are frail. (-10% HP) [potion of
                  | mutation]
 54644 | Vaults:3 | Gained mutation: Your mind is acute. (Int +4, Str/Dex -1)
                  | [potion of mutation]
 54644 | Vaults:3 | Gained mutation: Your body sometimes deteriorates upon
                  | taking damage. [potion of mutation]
 54644 | Vaults:3 | Gained mutation: You are partially covered in iridescent
                  | scales. (AC +2) [potion of mutation]
 55560 | Elf:3    | Found Soedy's General Store.
 55628 | Elf:3    | Identified the +1 trident of Unpleasantness {flame, ^Drain
                  | rF+ Int+3}
 55798 | Elf:3    | Found Zogogisk's Antique Armour Shoppe.
 56259 | Elf:3    | Found Oplataz's Jewellery Shop.
 57511 | Elf:3    | Identified the +8 trident "Taato" {drain, rC+ Will- Str+3
                  | Dex+3}
 57514 | Elf:3    | Identified the staff "Ricwupuq" {rF+ rN+ Dex+4 Conj}
 58007 | Elf:3    | Reached skill level 20 in Necromancy
 58180 | Elf:3    | Identified the +6 mace of the Wasteland {drain, Int+2}
 58583 | Elf:3    | Identified the +8 dagger "Tuha" {drain, rElec Str+3}
 59615 | Elf:3    | Identified the +11 morningstar of Untruth {antimagic, rElec
                  | Int+4}
 59647 | Elf:3    | Identified the +1 leather armour of Uskayaw's Wrath {rC+
                  | rN+ Stlth+}
 59773 | Elf:3    | Reached XP level 22. HP: 181/181 MP: 35/35
 59787 | Elf:3    | Found the +5 Storm Queen's Shield {shock, Fly rElec}
 59791 | Elf:3    | Identified the +1 ring mail of Hepliaklqana's Delight
                  | {rElec Int+3 Dex-3 Stlth+}
 59829 | Elf:3    | Acquired an amulet of regeneration
 60150 | Orc:2    | Bought a sack of spiders for 1320 gold pieces
 60150 | Orc:2    | Bought a scroll of teleportation for 99 gold pieces
 60343 | Depths:1 | Entered Level 1 of the Depths
 60343 | Depths:1 | Found a one-way gate to the infinite horrors of the Abyss.
 60592 | Depths:1 | Found a gateway to Hell.
 60837 | Depths:1 | Found an ancient bone altar of Kikubaaqudgha.
 60857 | Depths:1 | Found a one-way gateway to a ziggurat.
 61349 | Depths:2 | Found a one-way gate leading to the halls of Pandemonium.
 61414 | Depths:2 | Reached skill level 15 in Armour
 61607 | Depths:2 | You fall into a shaft and drop 1 floor!
 61628 | Depths:3 | Noticed Norris
 61636 | Depths:3 | Reached skill level 10 in Shields
 61644 | Depths:3 | Killed Norris
 61657 | Depths:3 | Reached skill level 10 in Spellcasting
 61758 | Depths:3 | Noticed a juggernaut
 61776 | Depths:3 | Killed a juggernaut
 61797 | Depths:3 | Noticed a juggernaut
 61831 | Depths:3 | Your ally Norris died
 61832 | Depths:3 | Killed a juggernaut
 61852 | Depths:3 | Noticed a juggernaut
 61859 | Depths:3 | Noticed a juggernaut
 61860 | Depths:3 | Noticed a golden dragon
 61861 | Depths:3 | Killed a juggernaut
 61873 | Depths:3 | Reached skill level 10 in Conjurations
 61878 | Depths:3 | Noticed a golden dragon
 61888 | Depths:2 | Identified the staff of Hyelaop {^Fragile rPois rN+++ SInv
                  | Alchemy}
 62158 | D:11     | Bought a book of the Earth for 396 gold pieces
 62205 | D:11     | Learned a level 6 spell: Bombard
 62391 | Depths:2 | Reached skill level 15 in Evocations
 62391 | Depths:2 | Reached XP level 23. HP: 187/187 MP: 13/37
 63203 | Depths:2 | Noticed a caustic shrike
 63211 | Depths:2 | Killed a caustic shrike
 63778 | Depths:2 | Noticed a golden dragon
 63789 | Depths:2 | Killed a golden dragon
 64189 | Depths:2 | Noticed a caustic shrike
 64202 | Depths:2 | Killed a caustic shrike
 64203 | Depths:2 | Reached skill level 10 in Earth Magic
 64709 | Depths:3 | Killed a golden dragon
 64988 | Depths:3 | Killed a golden dragon
 65196 | Depths:3 | Killed a juggernaut
 65420 | Depths:3 | Got the Quarto of Chthonic Arson
 65422 | Depths:3 | Identified the +2 quick blade "Kafef" {protect, Dex+4
                  | Stlth+}
 65468 | Depths:3 | Found an opulent altar of Gozag.
 65693 | Depths:4 | Entered Level 4 of the Depths
 66124 | Depths:4 | Noticed a golden dragon
 66130 | Depths:4 | Killed a golden dragon
 66158 | Depths:4 | Reached XP level 24. HP: 148/195 MP: 7/38
 66182 | Depths:4 | Identified the ring "Aclefap" {rF+ rC+ Slay+2}
 66490 | Depths:4 | Found a gate to the Realm of Zot.
 67086 | Vaults:3 | Identified the +8 dagger "Secret Weapon" {speed, rF+ Str+3}
 68244 | Vaults:4 | Paralysed by a sphinx for 2 turns
 69299 | Vaults:3 | Killed Mennas
 69823 | Vaults:5 | Entered Level 5 of the Vaults
 69851 | Vaults:5 | Lost mutation: You are partially covered in iridescent
                  | scales. (AC +2) [mutagenic glow]
 69904 | Vaults:5 | Identified the amulet of Sumo {RegenMP Int+5}
 69906 | Vaults:5 | Identified the ring of Loan {rElec Int+6}
 69909 | Vaults:5 | Identified the +3 demon blade of Miczidiupn {drain, Str+2}
 69914 | Vaults:5 | Identified the staff of Upheaval {+Blink rF+ rN+ Dex-5
                  | Earth}
 69917 | Vaults:5 | Identified the +9 morningstar of Eternity {flame, +Blink
                  | SInv}
 70049 | Vaults:5 | Reached XP level 25. HP: 204/204 MP: 12/38
 70118 | Vaults:5 | Reached skill level 21 in Necromancy
 70147 | Vaults:5 | Got a silver rune of Zot
 70233 | Vaults:5 | Reached skill level 15 in Shields
 70284 | Vaults:5 | Identified the staff of Courage {rF+ Int-3 Hexes Fire Ice}
 70284 | Vaults:5 | Noticed an ancient lich
 70295 | Vaults:5 | Killed an ancient lich
 70304 | Vaults:5 | Noticed a dread lich
 70526 | Vaults:5 | Killed a dread lich
 70700 | Vaults:5 | Identified the staff of Juac {rElec rN+++ Stlth- Air
                  | Alchemy}
 70767 | Vaults:5 | Noticed a dread lich
 70773 | Vaults:5 | Killed a dread lich
 70826 | Vaults:5 | Got Ijioco's Quarto of the Incandescent Birds
 71074 | Vaults:5 | Learned a level 7 spell: Spellforged Servitor
 71873 | Abyss:3  | Cast into level 3 of the Abyss (a deep elf sorcerer)
 71991 | Abyss:3  | Found a corrupted altar of Lugonu.
 72055 | Abyss:3  | Gained mutation: You are clumsy. (Dex -2) [a cacodemon]
 72088 | Abyss:3  | Lost mutation: Your mind is acute. (Int +4, Str/Dex -1) [a
                  | neqoxec]
 72117 | Abyss:3  | Reached skill level 22 in Necromancy
 72191 | Vaults:3 | Escaped the Abyss
 72194 | Vaults:3 | Reached XP level 26. HP: 180/211 MP: 28/39
 72570 | Zot:1    | Entered Level 1 of the Realm of Zot
 73678 | Zot:1    | Identified the +5 war axe of Fortitude {flame, rElec rPois
                  | rC- Str+2}
 74814 | Zot:3    | Noticed an orb of fire
 74822 | Zot:3    | Killed an orb of fire
 75406 | Zot:2    | Reached skill level 15 in Conjurations
 75827 | Zot:2    | Reached skill level 15 in Summonings
 77467 | Zot:4    | Noticed a Killer Klown
 77473 | Zot:4    | Killed a Killer Klown
 77657 | Zot:4    | Reached XP level 27. HP: 181/217 MP: 22/40
 78016 | Zot:5    | Entered Level 5 of the Realm of Zot
 78016 | Zot:5    | Noticed Luser's ghost (veteran OnBe)
 78273 | Zot:5    | Noticed an orb of fire
 78278 | Zot:5    | Noticed an orb of fire
 78279 | Zot:5    | Noticed an orb of fire
 78280 | Zot:5    | Noticed a dread lich
 78573 | Zot:5    | Gained mutation: You are weak. (Str -2) [an orb of fire]
 78581 | Zot:5    | Killed an orb of fire
 78583 | Zot:5    | Killed an orb of fire
 78659 | Zot:5    | Killed a dread lich
 78854 | Zot:5    | Gained mutation: You are partially covered in large bone
                  | plates. (SH +4) [an orb of fire]
 78862 | Zot:5    | Killed an orb of fire
 79160 | Zot:5    | Noticed a dread lich
 79172 | Zot:5    | Killed a dread lich
 79229 | Zot:5    | Reached skill level 23 in Necromancy
 79273 | Zot:5    | Got the Orb of Zot
 79478 | Depths:2 | Noticed Buudair the pandemonium lord
 79863 | D:$      | Escaped with the Orb!

Illustrated notes

Levels and vault maps discovered:
D:1:      dpeg_arrival_more_subterranean_lakeside_camping, layout_basic,
          chequers_ecumenical_altar_simple
D:2:      layout_basic, uniq_terence, uniq_crazy_yiuf_cottage
D:3:      layout_rooms, mainiacjoe_overflow_paths, jmf_multi_god_temple2
D:4:      layout_basic, minmay_temple_entry_drinking_statues, uniq_robin,
          uniq_edmund, uniq_grinder
D:5:      layout_cave_pods, grunt_temple_overflow_order_and_chaos_1,
          bh_walls_and_bars, uniq_menkaure
D:6:      layout_basic, gammafunk_ghost_split, minmay_nine_imps
D:7:      layout_rooms
D:8:      layout_loops_cross, grunt_temple_overflow_open, serial_shops, shop,
          roderic_batcave, uniq_joseph
D:9:      layout_loops_corners, david_lair_shrubbed
D:10:     layout_roguey, fiery_altar_vehumet, nemelex_xobeh_ov_fountains_minmay,
          minmay_orc_entry_guard_dogs, uniq_sonja, uniq_erica
D:11:     minmay_tearing_corner, layout_basic, serial_shops, shop, shop, shop
D:12:     layout_loops_cross, serial_glass, glass_columns_a, glass_columns_a,
          glass_columns_a, glass_columns_a, glass_columns_c, glass_columns_a,
          minivault_25_ag, st_stairs_4
D:13:     layout_layer_cave
D:14:     layout_gridville, grunt_vaults_entry_fortified, serial_park_square2,
          bloody_makhleb
D:15:     grunt_enter_depths_giant_problem, layout_irregular_city,
          nicolae_qazlal_scattered_showers, nicolae_ru_great_annihilating_truth
Temple:   zaba_magenta_temple
Lair:1:   layout_cellular_growth, serial_bayou_lake_a, grunt_megastairs_5,
          infiniplex_staircase_pool, serial_bayou_shore_b, uniq_grum,
          uniq_gastronok
Lair:2:   layout_cave_pods, nicolae_spider_entry_lesser_pyramids
Lair:3:   layout_cave_pods, elwin_shoals_entry_rooms
Lair:4:   layout_loops_ring, slime_entry_1, minmay_hedge_maze
Lair:5:   evilmike_catoblepas_cave, layout_regular_city, st_stairs_13,
          lemuel_fruit_tree, grunt_megastairs_2, serial_bayou_shore_a
Shoals:1: layout_shoals, nicolae_splish_splash, uniq_nikola, uniq_roxanne
Shoals:2: layout_shoals
Shoals:3: layout_shoals, argonaut_gorgonesque
Shoals:4: shoals_end_hangedman, layout_shoals, uniq_mara
Spider:1: cheibrodos_spider_deadly_dance
Spider:2: layout_chambers, hangedman_spider_trapstep
Spider:3: layout_cave_pods, ebering_ghost_xom
Spider:4: floodkiller_spider_rune_tomb, uniq_donald
Orc:1:    layout_caves, portal_ice_cave_entry_imps
Orc:2:    st_orc_open, layout_caves, basic_altar, serial_shops, shop,
          nicolae_orc_flooded_monolith
Elf:1:    eino_elf_arrival_shootout, layout_loops_cross,
          nicolae_elf_crossing_hall, uniq_zenata
Elf:2:    nicolae_elf_blades_crystal_corner, layout_onion_city, drop_trap,
          serial_library_hellmonk_small_alcove
Elf:3:    elf_hall, layout_geoelf_octagon, serial_shops, shop, minmay_shoptagon
Vaults:1: v_pattern_1, nicolae_vaults_turnstiles, vaults_dpeg_hooks, st_eye,
          nicolae_vaults_asterisk, vaults_dpeg_emergency_exit,
          hangedman_vaults_pinch, vaults_room_pools, nicolae_vaults_house_2,
          layout_vaults_chaotic_city, uniq_aizul
Vaults:2: v_misc_12, ontoclasm_vaults_ring_large, grunt_vaults_bifocal,
          nicolae_vaults_little_squares_3, v_rooms_2,
          nicolae_vaults_yaktaur_gun_rack, nicolae_vaults_ninety_degrees,
          hangedman_vaults_restitches, nicolae_vaults_variable_pillar_hall,
          ontoclasm_vaults_idyll, nicolae_vaults_diagonal_hallway_8,
          nicolae_vaults_tetromino_L_2, nicolae_vaults_variable_pillar_hall,
          layout_vaults_omnicross
Vaults:3: ontoclasm_vaults_decontamination, v_misc_4,
          nicolae_vaults_circle_grid_a, ontoclasm_vaults_chip,
          nicolae_vaults_trapezoid_layered, minmay_crypt_entry_skeletal_spiral,
          vaults_room_hangedman_quadrants, nicolae_vaults_closet_pinwheel_2,
          vaults_room_hallway, v_misc_14, layout_vaults_omnibox, uniq_mennas
Vaults:4: vaults_room_guarded_vault, nicolae_vaults_windows_and_doors_thing,
          ontoclasm_vaults_eye, nicolae_vaults_big_ls, hangedman_vaults_stream,
          nicolae_vaults_arrows, serial_library_hellmonk_reading_circle,
          nicolae_vaults_tetromino_Z_1, hangedman_vaults_restitches,
          vaults_dpeg_encased_lava, v_misc_19, vaults_dpeg_ring,
          ontoclasm_vaults_gateway, layout_vaults_maze
Vaults:5
Depths:1: layout_roguey, enter_ziggurat_f, hangedman_decor_lopped, abyss_entry,
          hellmouth_3, kiku_gazebo_pond_becter
Depths:2: minmay_the_grid_square_5x5_5x5 [minmay_the_grid_square_5x5_spiral,
          minmay_the_grid_square_5x5_tie,
          minmay_the_grid_square_5x5_eight_small,
          minmay_the_grid_square_5x5_longway, minmay_the_grid_square_5x5_bite,
          minmay_the_grid_square_5x5_detours,
          minmay_the_grid_square_5x5_prize_junk,
          minmay_the_grid_square_5x5_inner_i,
          minmay_the_grid_square_5x5_prize_open,
          minmay_the_grid_square_5x5_percent, minmay_the_grid_square_5x5_mess,
          minmay_the_grid_square_5x5_three,
          minmay_the_grid_square_5x5_prize_deathbox,
          minmay_the_grid_square_5x5_corner,
          minmay_the_grid_square_5x5_two_walls_a,
          minmay_the_grid_square_5x5_checkered_sparse,
          minmay_the_grid_square_5x5_prize_snowflake,
          minmay_the_grid_square_5x5_three_small,
          minmay_the_grid_square_5x5_prize_monsterx,
          minmay_the_grid_square_5x5_forky, minmay_the_grid_square_5x5_one_wall,
          minmay_the_grid_square_5x5_plus, minmay_the_grid_square_5x5_six,
          minmay_the_grid_square_5x5_pentomino_r,
          minmay_the_grid_square_5x5_inset], layout_cave_pools,
          nicolae_zig_zag_zippers, pan_entry, pf_vacation_house_of_asmodeus,
          due_unseen_surprise, uniq_grunn
Depths:3: nicolae_fronds_of_death, layout_cave_pools, abyss_entry,
          grunt_gozag_breadcrumbs, hellmouth_1, minmay_staircase_windowed_small,
          uniq_norris
Depths:4: grunt_twist_and_shout, layout_basic, hell_entry, lemuel_nasty_fountain
Zot:1:    layout_cathedral_of_symmetry
Zot:2:    layout_onion_interference, st_stairs_7, evilmike_ambush
          [evilmike_ambush_outer_basic, evilmike_ambush_inner_basic]
Zot:3:    layout_cathedral_of_symmetry, regret_index_zotdec_banners
Zot:4:    gammafunk_mikee_crab_dinner, layout_misc_corridors
Zot:5:    layout_gridlike, hellmonk_ghost_big_iron

Skill      XL: |  1  2  3  4  5  6  7  8  9 10 11 12 13 14 15 16 17 18 19 20 21 22 23 24 25 26 27 |
---------------+----------------------------------------------------------------------------------+-----
Necromancy     | 4 5 6 7 9 12 13 14 16 18 20 22 23 | 23.0
Conjurations   | 1 2 3 4 6 8 10 12 14 15 | 15.0
Alchemy        | 1 2 3 4 6 8 9 |  9.4
Fighting       | 2 3 6 9 11 13 14 15 16 17 18 19 | 19.6
Spellcasting   | 3 5 7 9 10 11 12 13 14 | 14.0
Maces & Flails | 1 7 11 15 16 | 16.0
Armour         | 5 8 11 13 14 15 | 15.0
Evocations     | 3 5 8 9 12 15 19 | 19.2
Translocations | 3 |  3.0
Earth Magic    | 3 6 9 10 11 12 | 12.0
Dodging        | 4 7 8 |  8.0
Shields        | 1 5 9 10 12 14 16 17 18 | 18.0
Staves         | 2 4 6 |  6.0
Summonings     | 4 10 11 16 | 16.0
Stealth        | |  1.7

Action                     |  1- 3 |  4- 6 |  7- 9 | 10-12 | 13-15 | 16-18 | 19-21 | 22-24 | 25-27 || total
---------------------------+-------+-------+-------+-------+-------+-------+-------+-------+-------++-------
  Melee: Dagger            |    11 |    24 |     2 |       |       |       |       |       |       ||    37
         Punch             |     1 |       |     8 |    20 |    71 |       |       |       |       ||   100
         Morningstar       |       |       |   104 |   271 |   884 |  1102 |  1264 |   249 |    71 ||  3945
         Rapier            |       |       |     2 |       |       |       |       |       |       ||     2
         Staff             |       |       |       |       |       |    33 |     9 |   681 |   632 ||  1355
         Unarmed           |       |       |       |       |       |       |     1 |       |       ||     1
  Throw: Dart              |       |     6 |       |     1 |     3 |       |     3 |     1 |       ||    14
         Javelin           |       |       |       |       |     4 |       |     2 |     1 |       ||     7
         Boomerang         |       |       |       |       |     1 |     9 |       |       |       ||    10
         Throwing net      |       |       |       |       |       |       |     1 |       |       ||     1
   Cast: Necrotise         |    67 |    57 |       |       |       |       |       |       |       ||   124
         Vampiric Draining |       |     2 |       |       |       |       |       |       |       ||     2
         Sting             |       |    60 |   113 |    78 |     3 |       |       |       |       ||   254
         Animate Dead      |       |       |       |     6 |    19 |    19 |    31 |    11 |       ||    86
         Stone Arrow       |       |       |       |     1 |       |       |       |       |       ||     1
         Death Channel     |       |       |       |       |     2 |    67 |    54 |    43 |    31 ||   197
         Borgnjor's Vile C |       |       |       |       |     1 |     7 |    69 |    64 |    65 ||   206
         Irradiate         |       |       |       |       |       |     1 |    12 |     4 |     6 ||    23
         Martyr's Knell    |       |       |       |       |       |       |    13 |     3 |       ||    16
         Infestation       |       |       |       |       |       |       |       |    37 |    58 ||    95
         Bombard           |       |       |       |       |       |       |       |    42 |    87 ||   129
         Spellforged Servi |       |       |       |       |       |       |       |       |    27 ||    27
 Invoke: Receive Forbidden |       |       |       |       |     1 |       |       |       |       ||     1
         Unearth Wretches  |       |       |       |       |       |       |     2 |     1 |     3 ||     6
Ability: Hop               |       |     4 |     1 |     1 |     3 |     4 |    10 |       |     3 ||    26
  Evoke: Wand              |       |       |       |     9 |     6 |    20 |    21 |     3 |    17 ||    76
         Tin of tremorston |       |       |       |       |       |       |     2 |     3 |     2 ||     7
         Sack of spiders   |       |       |       |       |       |       |       |     2 |     1 ||     3
         Lightning rod     |       |       |       |       |       |       |       |     4 |     8 ||    12
         Phantom mirror    |       |       |       |       |       |       |       |       |     2 ||     2
    Use: Scroll            |       |       |     9 |     5 |     9 |    11 |     8 |     6 |     8 ||    56
         Potion            |       |       |       |     2 |     1 |     2 |     7 |     6 |     4 ||    22
   Stab: Distracted        |       |       |       |     2 |     5 |    16 |    15 |    12 |     9 ||    59
         Paralysed         |       |       |       |       |       |     1 |     1 |       |       ||     2
         Confused          |       |       |       |       |       |       |       |     1 |       ||     1
         Sleeping          |       |       |       |       |       |       |       |       |     1 ||     1
 Armour: Robe              |     7 |    32 |    36 |       |       |       |       |       |       ||    75
         Acid dragon scale |       |       |    46 |    11 |       |       |       |       |       ||    57
         Leather armour    |       |       |       |    71 |       |       |       |       |       ||    71
         Ring mail         |       |       |       |   127 |   398 |   716 |   566 |       |       ||  1807
         Swamp dragon scal |       |       |       |       |       |       |   258 |   541 |   452 ||  1251
  Dodge: Dodged            |    19 |    47 |    79 |   175 |   644 |  1234 |   955 |   594 |   421 ||  4168
  Block: Buckler           |       |       |       |       |    92 |   287 |   332 |   153 |       ||   864
         Kite shield       |       |       |       |       |       |       |       |   163 |   602 ||   765

Table legend: (Time is in decaauts)
 A = Elapsed time spent in this place.
 B = Non-inter-level travel time spent in this place.
 C = Inter-level travel time spent in this place.
 D = Time resting spent in this place.
 E = Time spent auto-exploring this place.
 F = Levels seen in this place.
 G = Mean time per level.
                   A        B        C        D        E       F      G
               +--------+--------+--------+--------+--------+-----+--------+
         Total |  86486 |  79006 |   7480 |  17499 |  44945 |  51 | 1695.8 |
       Dungeon |  24873 |  21506 |   3367 |   4779 |  13826 |  15 | 1658.2 |
        Temple |     31 |      3 |     28 |      0 |      0 |   1 |   31.0 |
          Lair |   7430 |   6752 |    678 |    789 |   4858 |   5 | 1486.0 |
        Shoals |   6024 |   5815 |    209 |   1157 |   3602 |   4 | 1506.0 |
   Spider Nest |   8149 |   7759 |    390 |   1768 |   4455 |   4 | 2037.2 |
  Orcish Mines |   2797 |   2337 |    460 |    760 |    958 |   2 | 1398.5 |
   Elven Halls |   8706 |   8152 |    554 |   3154 |   3363 |   3 | 2902.0 |
        Vaults |  12652 |  11800 |    852 |   2324 |   6544 |   5 | 2530.4 |
        Depths |   6545 |   6154 |    391 |    651 |   3457 |   4 | 1636.2 |
           Zot |   7463 |   6916 |    547 |   1611 |   3499 |   5 | 1492.6 |
         Abyss |    595 |    595 |      0 |     55 |      0 |   2 |  297.5 |
      Ice Cave |   1217 |   1217 |      0 |    447 |    381 |   1 | 1217.0 |
               +--------+--------+--------+--------+--------+-----+--------+

Top non-repeatable levels by time:
   Elf:3: 4620 daAuts
Vaults:2: 3178 daAuts
Depths:2: 2935 daAuts
Spider:4: 2755 daAuts
Vaults:1: 2674 daAuts
Vaults:3: 2655 daAuts
    D:14: 2496 daAuts
Spider:2: 2484 daAuts
   Zot:1: 2331 daAuts
   Elf:2: 2256 daAuts
     D:9: 2240 daAuts
    D:11: 2197 daAuts
Vaults:5: 2185 daAuts
    D:13: 2127 daAuts
    D:10: 2006 daAuts
